 Dungeon Crawl Stone Soup version 0.28-b1-25-g9875b3fc8c (webtiles) character file.

Game seed: 2359097271480213967

0 tilp the Magician (level 1, -1/15 HPs)
             Began as a Djinni Fire Elementalist on Feb 4, 2022.
             Hit by a stone thrown by a hobgoblin (2 damage)
             ... on level 1 of the Dungeon.
             The game lasted 00:00:44 (15 turns).

tilp the Magician (Djinni Fire Elementalist)          Turns: 15, Time: 00:00:44

Health: -1/15      AC:  2    Str:  7    XL:     1   Next: 0%
Gold:   0          EV: 12    Int: 16    God:
                   SH:  0    Dex: 13

rFire   + + .      SeeInvis .   (no weapon)
rCold   x . .      Faith    .   (no shield)
rNeg    . . .      Spirit   .   a - +0 robe
rPois   ∞          Reflect  .   (no helmet)
rElec   .          Harm     .   (no cloak)
rCorr   .          Rampage  .   (no gloves)
Will    .....                   (boots unavailable)
Stlth   ++........              (no amulet)
HPRegen 0.05/turn               (no ring)
MPRegen 0.00/turn               (no ring)

@: flying
A: sickness immunity, fire resistance 2, cold vulnerability 1, float, innate
caster, HP casting, extra vitality 1
a: no special abilities


You were on level 1 of the Dungeon.
You visited 1 branch of the dungeon, and saw 1 of its levels.

Inventory:

Armour
 a - a +0 robe (worn)


   Skills:
 - Level 2.1 Dodging
 - Level 1.5 Stealth
 + Level 2.4 Spellcasting


You couldn't memorise any spells.
You knew the following spells:

 Your Spells              Type           Power      Damage    Failure   Level
a - Foxfire               Conj/Fire      36%        2x1d5     8%          1
b - Scorch                Fire           18%        2d5       11%         2
c - Conjure Flame         Conj/Fire      9%         6-21      22%         3
d - Inner Flame           Hex/Fire       9%         N/A       22%         3
e - Flame Wave            Conj/Fire      9%         2d5       58%         4
Your spell library was empty.

Dungeon Overview and Level Annotations

Branches:
Dungeon (1/15)

Altars:


Innate Abilities, Weirdness & Mutations

You are immune to sickness and miasma.
You are immune to poison.
Your flesh is very heat resistant. (rF++)
You are vulnerable to cold. (rC-)
You float through the air rather than walking.
You learn spells naturally, not from books.
Your magical power is your life essence.
You have superior vitality. (+4 MHP)


Message History

Press ? for a list of commands and other information.
Found a staircase leading out of the dungeon.
You begin with the following spells memorised: Foxfire, Scorch, Conjure Flame, Inner Flame, Flame Wave.
You reach down and open the large door.
A hobgoblin comes into view.
Unknown command.
A hobgoblin comes into view.
There is a large open door here.
Unknown command.
Saving game... please wait.
Welcome back, tilp the Djinni Fire Elementalist.
Press ? for a list of commands and other information.
There is a large open door here.
Unknown command.
The hobgoblin shouts!
The hobgoblin throws a stone.
The stone hits you.
The hobgoblin throws a stone.
The stone hits you.
There is a large open door here.
Unknown command.
There's a creature in the doorway!
Cast which spell? (? or * to list)
You aren't experienced enough to cast this spell.
Cast which spell? (? or * to list)
You conjure some foxfire!
The foxfire hits the hobgoblin.
The hobgoblin is moderately wounded.
Unknown command.
The foxfire hits the hobgoblin but does no damage.
The hobgoblin is moderately wounded.
Casting: Foxfire (safe; 8% risk of failure)
Confirm with . or Enter, or press ? or * to list all spells.
You conjure some foxfire!
Your foxfire dissipates!
The foxfire hits the hobgoblin but does no damage.
The hobgoblin is moderately wounded.
The hobgoblin hits you.
* * * LOW HITPOINT WARNING * * *
The hobgoblin throws a stone.
The stone hits you.
* * * LOW HITPOINT WARNING * * *
The hobgoblin throws a stone.
The stone hits you.
You die...

###+### #
###8#8+8### ##.
##.........## #...
##...........#
#....#............##
+.....@.g...<.....8+
#....#............+#
#... ##..g........#
##. ##.........## #
####8'8#### ##'##
#...........#
#§≈≈§....≈≈≈#
###§§≈§≈≈≈###


You could see 2 hobgoblins.

Vanquished Creatures (others)
  2 foxfires (D:1)
2 creatures vanquished.

Notes
Turn   | Place    | Note
-------+----------+-------------------------------------------
     0 | D:1      | tilp the Djinni Fire Elementalist began the quest for the
                  | Orb.
     0 | D:1      | Reached XP level 1. HP: 15/15 MP: 0/0
    15 | D:1      | Hit by a stone thrown by a hobgoblin

Illustrated notes

Levels and vault maps discovered:
D:1:      dpeg_arrival_morbid_curiosity, layout_loops_ring,
          minmay_rat_gold_closets

Action                   || total
-------------------------++-------
 Cast: Foxfire           ||     2
